 Dungeon Crawl Stone Soup version 0.26-a0-612-gd4d190f45e (webtiles) character file.

Game seed: 16928718808260781017

31 Gargoyl the Skirmisher (level 3, 0/35 HPs)
             Began as a Gnoll Abyssal Knight on Sept 9, 2020.
             Was a Follower of Lugonu.
             Succumbed to a gnoll's poison
             ... on level 1 of the Dungeon.
             The game lasted 00:01:44 (1242 turns).

Gargoyl the Skirmisher (Gnoll Abyssal Knight)       Turns: 1242, Time: 00:01:45

Health: 0/35       AC: 10    Str: 15    XL:     3   Next: 22%
Magic:  6/6        EV:  7    Int: 14    God:    Lugonu [*.....]
Gold:   24         SH:  0    Dex: 14    Spells: 3/3 levels left

rFire    . . .     SeeInvis .   a - +1 hand axe
rCold    . . .     Faith    .   (no shield)
rNeg     . . .     Spirit   .   c - +0 chain mail
rPois    .         Reflect  .   (no helmet)
rElec    .         Harm     .   (no cloak)
rCorr    .                      d - +0 pair of gloves (curse)
MR       .....                  (no boots)
Stlth    ..........             (no amulet)
HPRegen  0.11/turn              (no ring)
MPRegen  0.10/turn              (no ring)

@: lethally poisoned (0 -> -9)
A: distributed training, fangs 1, strong nose
a: Depart the Abyss, Renounce Religion


You were on level 1 of the Dungeon.
You worshipped Lugonu.
Lugonu was aware of your devotion.
You visited 1 branch of the dungeon, and saw 2 of its levels.
You visited the Abyss 1 time.

You collected 24 gold pieces.

Inventory:

Hand Weapons
 a - a +1 hand axe (weapon)
Armour
 c - a +0 chain mail (worn)
 d - a cursed +0 pair of gloves (worn)
Scrolls
 e - a scroll of identify {unknown}
 f - a scroll of teleportation {unknown}
Potions
 b - a potion of brilliance


   Skills:
 + Level 6.5 Fighting
 + Level 0.7 Short Blades
 + Level 0.7 Long Blades
 + Level 4.5 Axes
 + Level 0.7 Maces & Flails
 + Level 0.7 Polearms
 + Level 0.7 Staves
 + Level 0.7 Slings
 + Level 0.7 Bows
 + Level 0.7 Crossbows
 + Level 0.7 Throwing
 + Level 4.5 Armour
 + Level 2.6 Dodging
 + Level 0.7 Stealth
 + Level 0.7 Shields
 + Level 0.7 Unarmed Combat
 + Level 0.7 Spellcasting
 + Level 0.5 Conjurations
 + Level 0.5 Hexes
 + Level 0.5 Summonings
 + Level 0.5 Necromancy
 + Level 0.5 Translocations
 + Level 0.5 Transmutations
 + Level 0.5 Fire Magic
 + Level 0.5 Ice Magic
 + Level 0.5 Air Magic
 + Level 0.5 Earth Magic
 + Level 0.5 Poison Magic
 + Level 4.5 Invocations
 + Level 0.7 Evocations


You had 3 spell levels left.
You didn't know any spells.
Your spell library was empty.

Dungeon Overview and Level Annotations

Branches:
Dungeon (2/15)

Altars:


Innate Abilities, Weirdness & Mutations

Your experience applies equally to all skills.
You have very sharp teeth.
Your uncanny sense of smell can sniff out nearby items.


Message History

* * * LOW HITPOINT WARNING * * *
You feel sick.
Okay, then.
You hit the worm.
You kill the worm!
Lugonu accepts your kill.
* * * LOW HITPOINT WARNING * * *
You feel sick.
* * * LOW HITPOINT WARNING * * *
You feel sick.
Things that are here:
a +0 flail; a gnoll corpse Unknown command.
* * * LOW HITPOINT WARNING * * *
You feel sick.
* * * LOW HITPOINT WARNING * * *
You feel sick.
* * * LOW HITPOINT WARNING * * *
You feel sick.
You die...

################.#
....[............#
################.#
#.# ##### #.#
#...# #.# ####
#...# #.# ...#
#...# #.# ...#
#...# #@#
...####...# #.#
#.....#...# #.#
#.....#...# #.#
#.....#...######)#
'.....'.........>#
#.....############
#.....# #.....#


There were no monsters in sight!

Vanquished Creatures
  2 gnolls (D:1)
  A worm (D:1)
  A dart slug (D:1)
  3 kobolds (D:1)
  A bat (D:1)
  A frilled lizard (D:1)
  A rat (D:1)
10 creatures vanquished.

Notes
Turn   | Place    | Note
-------+----------+-------------------------------------------
     0 | Abyss:1  | Gargoyl the Gnoll Abyssal Knight began the quest for the
                  | Orb.
     0 | Abyss:1  | Reached XP level 1. HP: 23/23 MP: 3/3
    36 | Abyss:1  | Noticed a raiju
    70 | Abyss:1  | Noticed a large abomination
    71 | Abyss:1  | Noticed an eye of draining
    98 | Abyss:1  | Noticed a starcursed mass
    99 | Abyss:1  | Noticed a great orb of eyes
    99 | Abyss:1  | Noticed a ynoxinul
   101 | Abyss:1  | Noticed a small abomination
   103 | Abyss:1  | Noticed a large abomination
   106 | D:1      | Escaped the Abyss
   548 | D:1      | Reached XP level 2. HP: 29/29 MP: 5/5
   700 | D:1      | Reached * piety under Lugonu
  1096 | D:1      | Reached XP level 3. HP: 24/35 MP: 6/6
  1241 | D:1      | HP: 1/35 [poisoned by a gnoll]
  1242 | D:1      | Succumbed to a gnoll's poison

Illustrated notes

Levels and vault maps discovered:
D:1:      ncdulo_lavacross, layout_basic
D:2:      layout_rooms, old_standard_altar, serial_bayou_pond_e

Action                   || total
-------------------------++-------
Melee: Hand axe          ||    31
       Bite              ||     2
Invok: Depart the Abyss  ||     1
  Use: Scroll            ||     4
       Potion            ||     1
Armor: Chain mail        ||    13
       Leather armour    ||     1
Dodge: Dodged            ||    22

Table legend: (Time is in decaauts)
 A = Elapsed time spent in this place.
 B = Non-inter-level travel time spent in this place.
 C = Inter-level travel time spent in this place.
 D = Time resting spent in this place.
 E = Time spent auto-exploring this place.
 F = Levels seen in this place.
 G = Mean time per level.
                   A        B        C        D        E       F      G
               +--------+--------+--------+--------+--------+-----+--------+
         Total |   1247 |   1221 |     26 |    222 |    775 |   3 |  415.7 |
       Dungeon |   1141 |   1115 |     26 |    222 |    738 |   2 |  570.5 |
         Abyss |    106 |    106 |      0 |      0 |     37 |   1 |  106.0 |
               +--------+--------+--------+--------+--------+-----+--------+

Top non-repeatable levels by time:
     D:1: 1122 daAuts
 Abyss:1: 106 daAuts
     D:2: 18 daAuts
